 Dungeon Crawl Stone Soup version 0.20-a0-1078-g4874019 (webtiles) character file.

144 FastMan the Skirmisher (level 5, -4/34 HPs)
             Began as a Gargoyle Fighter on May 1, 2017.
             Slain by Chaoticas's ghost (5 damage)
             ... on level 4 of the Dungeon.
             The game lasted 00:01:22 (1442 turns).

FastMan the Skirmisher (Gargoyle Fighter)           Turns: 1442, Time: 00:01:23

Health: -4/34      AC: 10    Str: 25    XL:     5   Next: 27%
Magic:  5/5        EV:  7    Int:  8    God:
Gold:   94         SH:  9    Dex: 10    Spells: 4/4 levels left

rFire    . . .     SeeInvis .   a - +0 war axe
rCold    . . .     Gourm    .   c - +0 shield
rNeg     + . .     Faith    .   b - +0 scale mail
rPois    ∞         Spirit   .   (no helmet)
rElec    +         Reflect  .   (no cloak)
rCorr    .         Harm     .   (no gloves)
MR       .....                  (no boots)
Stlth    ..........             (no amulet)
Regen    0.2/turn               (no ring)
MPRegen  0.1/turn               (no ring)

@: mighty
A: negative energy resistance 1, electricity resistance, unbreathing,
petrification resistance, rot immunity, AC +4
a: no special abilities


You were on level 4 of the Dungeon.
You were not hungry.

You visited 1 branch of the dungeon, and saw 4 of its levels.

You collected 94 gold pieces.

Inventory:

Hand Weapons
 a - a +0 war axe (weapon)
Armour
 b - a +0 scale mail (worn)
 c - a +0 shield (worn)
 k - a +0 cloak
 o - a +0 helmet
 r - a cursed +0 pair of gloves
Jewellery
 s - an uncursed ring of protection from fire {unknown}
Scrolls
 l - 2 scrolls of enchant weapon {unknown}
 m - a scroll of enchant armour {unknown}
 p - a scroll of blinking {unknown}
 q - a scroll of fear {unknown}
 t - a scroll of teleportation {unknown}
 u - a scroll of identify {unknown}
 v - a scroll of random uselessness {unknown}
 x - a scroll of noise {unknown}
Potions
 e - 3 potions of heal wounds {unknown}
 i - 2 potions of ambrosia {unknown}
 j - a potion of haste {unknown}
 w - 2 potions of lignification {unknown}
 z - a potion of resistance {unknown}
Comestibles
 f - 2 bread rations {@e1}
 g - 4 fruits {@e4}
 h - 2 chunks of flesh
 n - a royal jelly {@e3}


   Skills:
 + Level 4.6 Fighting
 * Level 3.9 Axes
 - Level 3.2 Armour
 - Level 3.2 Shields


You had 4 spell levels left.
You didn't know any spells.

Dungeon Overview and Level Annotations

Branches:
Dungeon (4/15)
 Temple: D:4-7

Altars:
Makhleb

Annotations:
D:4 Chaoticas's ghost, amateur TrFi


Innate Abilities, Weirdness & Mutations

You are resistant to torment.
Your stone body is resilient. (AC +4)
You are immune to poison.
You resist negative energy. (rN+)
You are resistant to electric shocks. (rElec)
You can survive without breathing.
You are immune to petrification.
You are immune to rotting.


Message History

Chaoticas's ghost is lightly damaged.
Chaoticas's ghost hits you. Chaoticas's ghost hits you!
* * * LOW HITPOINT WARNING * * *
You slash Chaoticas's ghost!
Chaoticas's ghost is moderately damaged.
You block Chaoticas's ghost's attack.
You slash Chaoticas's ghost!
Chaoticas's ghost is heavily damaged.
Chaoticas's ghost hits you but does no damage.
Chaoticas's ghost whispers, "Death doesn't hurt.
What you feel is life." You block Chaoticas's ghost's attack.
You closely miss Chaoticas's ghost.
Chaoticas's ghost is heavily damaged.
Chaoticas's ghost hits you.
* * * LOW HITPOINT WARNING * * *
You are too injured to fight recklessly!
Your shield and scale mail prevent you from hitting Chaoticas's ghost.
Chaoticas's ghost is heavily damaged.
Chaoticas's ghost hits you.
You die...

##### ##...##
#.....######
#.....W.÷..#
##.##....@####.#
#........## #.#
...######## #.#
### #.#######
..# #.......#
#.# #######.#
#.# #.# #.# #.#
. #.##########.#


You could see Chaoticas's ghost.

Vanquished Creatures
  A hound (D:4)
  Robin (D:2)
  5 adders (D:2)
  An ooze (D:2)
  A worm (D:3)
  A dart slug (D:3)
  2 giant cockroaches
  8 hobgoblins
  4 jackals (D:1)
  5 kobolds
  7 bats
  6 frilled lizards
  8 goblins
  7 rats
57 creatures vanquished.

Notes
Turn   | Place    | Note
-------+----------+-------------------------------------------
     0 | D:1      | FastMan the Gargoyle Fighter began the quest for the Orb.
     0 | D:1      | Reached XP level 1. HP: 14/14 MP: 1/1
   190 | D:1      | Reached XP level 2. HP: 14/19 MP: 2/2
   412 | D:2      | Reached XP level 3. HP: 24/24 MP: 3/3
   587 | D:2      | Reached skill level 4 in Fighting
   600 | D:2      | Noticed Robin
   608 | D:2      | Reached XP level 4. HP: 22/29 MP: 4/4
   616 | D:2      | Killed Robin
   882 | D:3      | Found a burning altar of Makhleb.
  1001 | D:3      | Reached XP level 5. HP: 31/34 MP: 5/5
  1087 | D:4      | Noticed Chaoticas's ghost (amateur TrFi)
  1093 | D:4      | Noticed an ogre
  1441 | D:4      | HP: 1/34 [Chaoticas's ghost (3)]
  1442 | D:4      | Slain by Chaoticas's ghost

Vault maps used:
D:1:      minmay_arrival_glassed_features
D:2:      kennysheep_ying_yang, gammafunk_temple_overflow_elements, uniq_robin
D:3:      old_standard_altar, st_stairs_12
D:4:      first_bread, minmay_misc_feat_cross, minmay_surrounded, uniq_edmund

Skill      XL: |  1  2  3 |
---------------+----------+-----
Axes           | 2 3 |  3.9
Fighting       | 4 |  4.6
Armour         | |  3.2
Shields        | |  3.2

Action                   |  1- 3 |  4- 6 || total
-------------------------+-------+-------++-------
Melee: War axe           |   118 |   128 ||   246
  Use: Potion            |       |     1 ||     1
  Eat: Chunk             |       |     2 ||     2
Armor: Scale mail        |    59 |    74 ||   133
Dodge: Dodged            |    41 |    52 ||    93
Block: Shield            |    72 |    92 ||   164
